 Dungeon Crawl Stone Soup version 0.28-a0-537-g3bccd9ccbf (webtiles) character file.

Game seed: 4026630421828717051

11 meatgazer the Skirmisher (level 2, 0/24 HPs)
             Began as a Demonspawn Abyssal Knight on Sept 27, 2021.
             Was a Follower of Lugonu.
             Slain by an orc (7 damage)
             ... on level 3 of the Dungeon.
             The game lasted 00:03:29 (1019 turns).

meatgazer the Skirmisher (DsAK)                     Turns: 1019, Time: 00:03:29

Health: 0/24       AC:  3    Str: 13    XL:     2   Next: 17%
Magic:  4/4        EV: 11    Int: 11    God:    Lugonu [*.....]
Gold:   15         SH:  0    Dex: 13    Spells: 1/1 levels left

rFire   . . .      SeeInvis .   a - +1 falchion
rCold   . . .      Faith    .   (no shield)
rNeg    . . .      Spirit   .   b - +0 leather armour
rPois   .          Reflect  .   (no helmet)
rElec   .          Harm     .   (no cloak)
rCorr   .          Rampage  .   (no gloves)
Will    .....                   (no boots)
Stlth   +.........              (no amulet)
HPRegen 0.08/turn               (no ring)
MPRegen 0.09/turn               (no ring)

@: no status effects
A: talons 1
a: Renounce Religion, Depart the Abyss


You were on level 3 of the Dungeon.
You worshipped Lugonu.
Lugonu was aware of your devotion.
You visited 1 branch of the dungeon, and saw 3 of its levels.
You visited the Abyss 1 time.

You collected 15 gold pieces.

Inventory:

Hand Weapons
 a - a +1 falchion (weapon)
Armour
 b - a +0 leather armour (worn)
Wands
 c - a wand of flame (13)
Scrolls
 d - a scroll of magic mapping {unknown}
Potions
 e - a potion of attraction {unknown}


   Skills:
 + Level 3.1 Fighting
 + Level 2.0 Long Blades
 + Level 2.0 Armour
 - Level 1.0 Dodging
 + Level 2.7 Invocations


You had one spell level left.
You didn't know any spells.
Your spell library was empty.

Dungeon Overview and Level Annotations

Branches:
Dungeon (3/15)

Altars:


Innate Abilities, Weirdness & Mutations

You have sharp toenails.


Message History

The jackal barks! x2
You claw the adder.
The adder is lightly wounded.
An orc wizard comes into view. It is wielding a +0 dagger.
The adder bites you.
You hit the adder.
The adder is heavily wounded.
The adder bites you but does no damage. The adder barely misses you.
You barely miss the adder.
The adder is heavily wounded.
The adder misses you.
You closely miss the adder. You claw the adder.
The adder is severely wounded.
The jackal barely misses you. The adder bites you. The jackal bites you.
The adder completely misses you.
You closely miss the adder. You claw the adder.
The adder is almost dead.
The jackal barely misses you. The orc hits you with a +0 flail.
The adder bites you but does no damage.
You are too injured to fight recklessly!
You are too injured to fight recklessly!
You are too injured to fight recklessly!
You are too injured to fight recklessly!
You are too injured to fight recklessly!
You are too injured to fight recklessly!
You are too injured to fight recklessly!
You are too injured to fight recklessly!
You are too injured to fight recklessly!
You are too injured to fight recklessly!
You are too injured to fight recklessly!
You are too injured to fight recklessly!
You are too injured to fight recklessly!
You are too injured to fight recklessly!
The adder bites you.
You hit the orc. Your kick misses the orc.
The orc is moderately wounded.
The orc hits you with a +0 flail.
* * * LOW HITPOINT WARNING * * *
The orc hits you with a +0 flail!
You die...

####### .......
############## .......
.............. .....
#........# ... #
#........########h##....
+............@oSho.?....
###........##.####o.##.###
#.....##+#.##.# #..#
#.##..##.#.##†# #..# #
#...#.#.##.# #..#
#.#.#.#....# ...#
##.#.#.####.# .[##
#.......<<..# ..#
#.####......#.#.


You could see an orc wizard, an adder, 2 orcs and 2 jackals.

Vanquished Creatures
  An endoplasm (D:2)
  2 goblins (D:1)
  A quokka (D:1)
  2 ball pythons (D:1)
  A bat (D:1)
  A frilled lizard (D:2)
  2 kobolds (D:1)
  2 rats
12 creatures vanquished.

Notes
Turn   | Place    | Note
-------+----------+-------------------------------------------
     0 | Abyss:1  | meatgazer the Demonspawn Abyssal Knight began the quest for
                  | the Orb.
     0 | Abyss:1  | Reached XP level 1. HP: 18/18 MP: 2/2
    46 | Abyss:2  | Noticed a wraith
    69 | Abyss:3  | Noticed a neqoxec
    73 | Abyss:3  | Noticed a tentacled starspawn
    73 | D:1      | Escaped the Abyss
   446 | D:1      | Reached skill level 1 in Dodging
   593 | D:1      | Gained mutation: You have sharp toenails. [demonic
                  | ancestry]
   593 | D:1      | Reached XP level 2. HP: 8/24 MP: 4/4
  1019 | D:3      | Slain by an orc

Illustrated notes

Levels and vault maps discovered:
D:1:      matt_arrival_spirals, layout_loops_ring
D:2:      layout_basic, kennysheep_crisscross, minmay_octomino_c4
D:3:      layout_basic

Skill      XL: |  1  2 |
---------------+-------+-----
Dodging        | 1 |  1.0
Long Blades    | 2 |  2.0
Armour         | 2 |  2.0
Fighting       | |  3.1
Invocations    | |  2.7

Action                   || total
-------------------------++-------
Melee: Falchion          ||    39
       Kick              ||     5
 Stab: Sleeping          ||     1
Armor: Leather armour    ||    15
Dodge: Dodged            ||    25

Table legend: (Time is in decaauts)
 A = Elapsed time spent in this place.
 B = Non-inter-level travel time spent in this place.
 C = Inter-level travel time spent in this place.
 D = Time resting spent in this place.
 E = Time spent auto-exploring this place.
 F = Levels seen in this place.
 G = Mean time per level.
                   A        B        C        D        E       F      G
               +--------+--------+--------+--------+--------+-----+--------+
         Total |   1028 |   1022 |      6 |    270 |    637 |   6 |  171.3 |
       Dungeon |    953 |    947 |      6 |    258 |    598 |   3 |  317.7 |
         Abyss |     75 |     75 |      0 |     12 |     39 |   3 |   25.0 |
               +--------+--------+--------+--------+--------+-----+--------+

Top non-repeatable levels by time:
     D:1: 803 daAuts
     D:2: 88 daAuts
     D:3: 61 daAuts
 Abyss:1: 31 daAuts
 Abyss:2: 28 daAuts
 Abyss:3: 16 daAuts
